Workbook

Sheet DADOS
B2: PREFEITURA MUNICIPAL DE MOCOCA
B3: SECRETARIA MUNICIPAL DE ENGENHARIA E INFRAESTRUTURA URBANA
B4: Rua XV de Novembro, 360 - Centro - Mococa - São Paulo
B5: Portal da Cidadania: www.mococa.sp.gov.br
B6: Tel: (19) 3656 - 9800
B7: DADOS E INFORMAÇÕES DO EMPREENDIMENTO
D9: =ORÇAMENTO!B9 -> EMPREENDIMENTO : REFORMA DOS BANHEIROS E REVITALIZAÇÃO DA EMEB CARLINDO PAROLI
D10: =ORÇAMENTO!B10 -> LOCAL: AV. FRANCISCO JOSÉ DIAS LIM, CONJ. HAB. FRANCISCO GARÓFALO, MOCOCA-SP, CEP 13.736-845
D12: VALOR DE REPASSE | F12: 70000
D13: VALOR DE CONTRAPARTIDA | F13: 0
D14: REGIME PREVIDENCIÁRIO PREVISTO PARA OBRA | F14: SEM DESONERAÇÃO
D15: DATA BASE | F15: CDHU 193 , SINAPI 03/2024, E FDE JAN/2024
D17: RESPONSAVÊL TÉCNICO | F17: RENAN AUGUSTO DE CARVALHO
D18: CARGO / FUNÇÃO | F18: SECRETÁRIO MUNICIPAL
D19: CREA / CAU | F19: 5070103369
D20: ART Nº
D23: LICITAÇÃO
D24: DATA DE EMISSÃO DA LICITAÇÃO: XX/XX/XXXX
D25: Nº DE CONTRATO COM A EMPRESA : XXX/20XX
D26: NOME DA EMPRESA:
D27: CNPJ DA EMPRESA:
D28: TIPO DE LICITAÇÃO :
D31: ACOMPANHAMENTO
D32: MEDIÇÃO Nº | E32: VALOR MEDIDO NO PERIODO | G32: DATA DA MEDIÇÃO
D33: 1ª MEDIÇÃO | E33: R$ XXXXX,XX | G33: XX/XX/XXXX
D34: 2ª MEDIÇÃO | E34: R$ XXXXX,XX | G34: XX/XX/XXXX
D35: 3ª MEDIÇÃO | E35: R$ XXXXX,XX | G35: XX/XX/XXXX
D36: 4ª MEDIÇÃO | E36: R$ XXXXX,XX | G36: XX/XX/XXXX
D39: Obs: "teve termo aditivo de prazo", teve termo aditivo de valor", obra paralizada de tal a tal dia. Obra finalizada tal data

Sheet ORÇAMENTO
B2: PREFEITURA MUNICIPAL DE MOCOCA
B3: SECRETARIA MUNICIPAL DE ENGENHARIA E INFRAESTRUTURA URBANA
B4: Rua XV de Novembro, 360 - Centro - Mococa - São Paulo
B5: Portal da Cidadania: www.mococa.sp.gov.br
B6: Tel: (19) 3656 - 9800
B8: PO - Planilha Orçamentária
B9: EMPREENDIMENTO : REFORMA DOS BANHEIROS E REVITALIZAÇÃO DA EMEB CARLINDO PAROLI | G9: Mococa, 15 de Maio de 2024
B10: LOCAL: AV. FRANCISCO JOSÉ DIAS LIM, CONJ. HAB. FRANCISCO GARÓFALO, MOCOCA-SP, CEP 13.736-845
B11: FONTE/DATA BASE: CDHU 193 sem desoneração, SINAPI 03-2024 sem desoneração e FDE 01/2024 | I11: BDI = 19,16%
B13: ITEM | C13: CÓDIGO | D13: FONTE | E13: DESCRIÇÃO | F13: UNID. | G13: VALOR MÁXIMO UNITÁRIO | H13: QUANTIDADE | I13: VALOR MAXIMO TOTAL
B15: 1 | C15: SERVIÇOS PRELIMINARES | I15: =SUM(I16:I17) -> 9291.42
B16: 1.1 | C16: 02.08.020 | D16: CDHU | E16: Placa de identificação para obra | F16: M2 | G16: 891.72 | H16: 4.5 | I16: =H16*G16 -> 4012.74
B17: 1.2 | C17: 02.02.150 | D17: CDHU | E17: Locação de container tipo depósito - área mínima de 13,80 m² | F17: UM/MÊS | G17: 879.78 | H17: 6 | I17: =H17*G17 -> 5278.68
B18: 2 | C18: FECHAMENTO DOS TELHADOS | I18: =SUM(I19:I20) -> 14575.845
B19: 2.1 | C19: 34.20.050 | D19: CDHU | E19: Tela de arame galvanizado fio nº 22 BWG, malha de 1´ (tela hexagonal tipo pinteiro fechamento para entrada de aves) | F19: M2 | G19: 16.53 | H19: 137.5 | I19: =H19*G19 -> 2272.875
B20: 2.2 | C20: 16.12.020 | D20: CDHU | E20: Telhamento em chapa de aço pré-pintada com epóxi e poliéster, perfil ondulado, com espessura de 0,50 mm (fechamentos frontais dos telhados) | F20: M2 | G20: 132.29 | H20: 93 | I20: =H20*G20 -> 12302.97
B21: 3 | C21: RAMPA DE ACESSO A QUADRA | I21: =SUM(I22:I27) -> 19687.529
B22: 3.1 | C22: 03.01.240 | D22: CDHU | E22: Demolição mecanizada de pavimento ou piso em concreto, inclusive fragmentação, carregamento, transporte até 1 quilômetro e descarregamento | F22: M2 | G22: 32.22 | H22: 108.52 | I22: =H22*G22 -> 3496.5144
B23: 3.2 | C23: 54.01.010 | D23: CDHU | E23: Regularização e compactação mecanizada de superfície, sem controle do proctor normal | F23: M2 | G23: 3.66 | H23: 224.35 | I23: =H23*G23 -> 821.121
B24: 3.3 | C24: 54.01.210 | D24: CDHU | E24: Base de brita graduada | F24: M3 | G24: 245.68 | H24: 8.97 | I24: =H24*G24 -> 2203.7496
B25: 3.4 | C25: 10.02.020 | D25: CDHU | E25: Armadura em tela soldada de aço | F25: KG | G25: 10.65 | H25: 159.28 | I25: =H25*G25 -> 1696.332
B26: 3.5 | C26: 17.05.100 | D26: CDHU | E26: Piso com requadro em concreto simples com controle de fck= 25 Mpa | F26: M3 | G26: 981.79 | H26: 11.21 | I26: =H26*G26 -> 11005.866
B27: 3.6 | C27: 05.07.040 | D27: CDHU | E27: Remoção de entulho separado de obra com caçamba metálica - terra, alvenaria, concreto, argamassa, madeira, papel, plástico ou metal | F27: M3 | G27: 106.9 | H27: 4.34 | I27: =H27*G27 -> 463.946
B28: 4 | C28: REGULARIZAÇÃO DAS CANALETAS | I28: =SUM(I29:I32) -> 8194.616
B29: 4.1 | C29: 03.04.020 | D29: CDHU | E29: Demolição manual de revestimento cerâmico, incluindo a base ( demolição dos pisos instalados nas canaletas de escoamento) | F29: M2 | G29: 12.22 | H29: 123.5 | I29: =H29*G29 -> 1509.17
B30: 4.2 | C30: 17.01.060 | D30: CDHU | E30: Regularização de piso com nata de cimento e adesivo de alto desempenho | F30: M2 | G30: 33.38 | H30: 123.5 | I30: =H30*G30 -> 4122.43
B31: 4.3 | C31: 49.06.190 | D31: CDHU | E31: Grelha pré-moldada em concreto, com furos redondos, 79,5 x 24,5 x 8 cm (reposição das tampas quebradas e/ou danificadas das canaletas de escoamento) | F31: UND | G31: 98.63 | H31: 6 | I31: =H31*G31 -> 591.78
B32: 4.4 | C32: 05.07.040 | D32: CDHU | E32: Remoção de entulho separado de obra com caçamba metálica - terra, alvenaria, concreto, argamassa, madeira, papel, plástico ou metal (pisos demolidos + retirada da camada de brita ) | F32: M3 | G32: 106.9 | H32: 18.44 | I32: =H32*G32 -> 1971.236
B33: 5 | C33: TROCA DAS PORTAS | I33: =SUM(I34:I36) -> 9102.8208
B34: 5.1 | C34: 04.08.020 | D34: CDHU | E34: Retirada de folha de esquadria em madeira (retirada das portas) | F34: UND | G34: 22.58 | H34: 4 | I34: =H34*G34 -> 90.32
B35: 5.2 | C35: 04.10.080 | D35: CDHU | E35: Retirada de peça ou acessório complementar em geral de esquadria | F35: UND | G35: 19.54 | H35: 4 | I35: =H35*G35 -> 78.16
B36: 5.3 | C36: 24.02.060 | D36: CDHU | E36: Porta/portão de abrir em chapa, sob medida | F36: M2 | G36: 966.92 | H36: 9.24 | I36: =H36*G36 -> 8934.3408
B37: 6 | C37: ILUMINAÇÃO | I37: =SUM(I38:I50) -> 31564.52
B38: 6.1 | C38: 04.17.040 | D38: CDHU | E38: Remoção de aparelho de iluminação ou projetor fixo em poste ou braço | F38: UND | G38: 75.08 | H38: 17 | I38: =H38*G38 -> 1276.36
B39: 6.2 | C39: 41.11.440 | D39: CDHU | E39: Suporte tubular de fixação em poste para 1 luminária tipo pétala | F39: UND | G39: 98.85 | H39: 16 | I39: =H39*G39 -> 1581.6
B40: 6.3 | C40: 101657 | D40: CDHU | E40: LUMINÁRIA DE LED PARA ILUMINAÇÃO PÚBLICA, DE 98 W ATÉ 137 W - FORNECIMENTO E INSTALAÇÃO. AF_08/2020 | F40: UND | G40: 464.08 | H40: 16 | I40: =H40*G40 -> 7425.28
B41: 6.4 | C41: 41.10.080 | D41: CDHU | E41: Cruzeta reforçada em ferro galvanizado para fixação de duas luminárias | F41: UND | G41: 574.16 | H41: 4 | I41: =H41*G41 -> 2296.64
B42: 6.5 | C42: 39391 | D42: SINAPI-I | E42: LUMINARIA LED REFLETOR RETANGULAR BIVOLT, LUZ BRANCA, 100 W | F42: UND | G42: 35.14 | H42: 8 | I42: =H42*G42 -> 281.12
B43: 6.6 | C43: 39.02.016 | D43: CDHU | E43: Cabo de cobre de 2,5 mm², isolamento 750 V - isolação em PVC 70°C | F43: M | G43: 4.02 | H43: 500 | I43: =H43*G43 -> 2010
B44: 6.7 | C44: 39.02.030 | D44: CDHU | E44: Cabo de cobre de 6 mm², isolamento 750 V - isolação em PVC 70°C | F44: M | G44: 8.36 | H44: 1000 | I44: =H44*G44 -> 8360
B45: 6.8 | C45: 38.13.020 | D45: CDHU | E45: Eletroduto corrugado em polietileno de alta densidade, DN= 50 mm, com acessórios | F45: M | G45: 10.43 | H45: 500 | I45: =H45*G45 -> 5215
B46: 6.9 | C46: 40.10.100 | D46: CDHU | E46: Contator de potência 32 A - 2na+2nf | F46: UND | G46: 571.11 | H46: 2 | I46: =H46*G46 -> 1142.22
B47: 6.10 | C47: 40.11.010 | D47: CDHU | E47: Relé fotoelétrico 50/60 Hz, 110/220 V, 1200 VA, completo | F47: UND | G47: 89.33 | H47: 2 | I47: =H47*G47 -> 178.66
B48: 6.11 | C48: 41628 | D48: SINAPI | E48: CAIXA DE CONCRETO ARMADO PRE-MOLDADO, COM FUNDO E TAMPA, DIMENSOES DE 0,40 X 0,40 X 0,40 M | F48: UND | G48: 349.52 | H48: 2 | I48: =H48*G48 -> 699.04
B49: 6.12 | C49: 06.01.020 | D49: CDHU | E49: Escavação manual em solo de 1ª e 2ª categoria em campo aberto | F49: M3 | G49: 50.9 | H49: 15 | I49: =H49*G49 -> 763.5
B50: 6.13 | C50: 07.02.020 | D50: CDHU | E50: Escavação mecanizada de valas ou cavas com profundidade de até 2 m | F50: M3 | G50: 11.17 | H50: 30 | I50: =H50*G50 -> 335.1
B51: 7 | C51: REPAROS NA REDE ELÉTRICA | I51: =SUM(I52:I61) -> 10259.22
B52: 7.1 | C52: 04.17.100 | D52: CDHU | E52: Remoção de base de disjuntor tipo QUIK-LAG | F52: UND | G52: 7.5 | H52: 13 | I52: =H52*G52 -> 97.5
B53: 7.2 | C53: 04.17.080 | D53: CDHU | E53: Remoção de barramento de cobre | F53: M | G53: 20.02 | H53: 1 | I53: =H53*G53 -> 20.02
B54: 7.3 | C54: 04.20.040 | D54: CDHU | E54: Remoção de lâmpada | F54: UND | G54: 4.07 | H54: 50 | I54: =H54*G54 -> 203.5
B55: 7.4 | C55: 37.13.600 | D55: CDHU | E55: Disjuntor termomagnético, unipolar 127/220 V, corrente de 10 A até 30 A | F55: UND | G55: 34.65 | H55: 6 | I55: =H55*G55 -> 207.9
B56: 7.5 | C56: 37.13.630 | D56: CDHU | E56: Disjuntor termomagnético, bipolar 220/380 V, corrente de 10 A até 50 A | F56: UND | G56: 136.16 | H56: 7 | I56: =H56*G56 -> 953.12
B57: 7.6 | C57: 37.17.070 | D57: CDHU | E57: Dispositivo diferencial residual de 40 A x 30 mA - 2 polos | F57: UND | G57: 250.97 | H57: 1 | I57: =H57*G57 -> 250.97
B58: 7.8 | C58: 41.14.070 | D58: CDHU | E58: Luminária retangular de sobrepor tipo calha aberta, para 2 lâmpadas fluorescentes tubulares de 32 W | F58: UND | G58: 65.43 | H58: 15 | I58: =H58*G58 -> 981.45
B59: 7.9 | C59: 41.02.562 | D59: CDHU | E59: Lâmpada LED tubular T8 com base G13, de 3400 até 4000 Im - 36 a 40 W | F59: UND | G59: 77.22 | H59: 50 | I59: =H59*G59 -> 3861
B60: 7.10 | C60: 88247 | D60: SINAPI | E60: AUXILIAR DE ELETRICISTA COM ENCARGOS COMPLEMENTARES (ORGANIZAR O CABEAMENTO EXPOSTO) | F60: H | G60: 30.93 | H60: 56 | I60: =H60*G60 -> 1732.08
B61: 7.11 | C61: 88264 | D61: CDHU | E61: ELETRICISTA COM ENCARGOS COMPLEMENTARES | F61: H | G61: 40.66 | H61: 48 | I61: =H61*G61 -> 1951.68
B62: 8 | C62: REFORMA DOS BANHEIROS | I62: =I63+I71 -> 49434.262
B63: 8.1 | C63: RETIRADAS E DEMOLIÇÕES | I63: =SUM(I64:I70) -> 4718.6376
B64: 8.1.1 | C64: 03.04.020 | D64: CDHU | E64: Demolição manual de revestimento cerâmico, incluindo a base (demolição dos pisos e azuleijos dos banheiros) | F64: M2 | G64: 12.22 | H64: 160.88 | I64: =H64*G64 -> 1965.9536
B65: 8.1.2 | C65: 03.02.040 | D65: CDHU | E65: Demolição manual de alvenaria de elevação ou elemento vazado, incluindo revestimento (demolição das divisórias) | F65: M3 | G65: 81.44 | H65: 4.2 | I65: =H65*G65 -> 342.048
B66: 8.1.3 | C66: 04.08.020 | D66: CDHU | E66: Retirada de folha de esquadria em madeira (retirada das portas) | F66: UND | G66: 22.58 | H66: 13 | I66: =H66*G66 -> 293.54
B67: 8.1.4 | C67: 04.10.080 | D67: CDHU | E67: Retirada de peça ou acessório complementar em geral de esquadria | F67: UND | G67: 19.54 | H67: 13 | I67: =H67*G67 -> 254.02
B68: 8.1.5 | C68: 04.11.020 | D68: CDHU | E68: Retirada de aparelho sanitário incluindo acessórios | F68: UND | G68: 44.54 | H68: 13 | I68: =H68*G68 -> 579.02
B69: 8.1.6 | C69: 04.11.100 | D69: CDHU | E69: Retirada de registro ou válvula aparentes | F69: UND | G69: 32.66 | H69: 13 | I69: =H69*G69 -> 424.58
B70: 8.6 | C70: 05.07.040 | D70: CDHU | E70: Remoção de entulho separado de obra com caçamba metálica - terra, alvenaria, concreto, argamassa, madeira, papel, plástico ou metal | F70: M3 | G70: 106.9 | H70: 8.04 | I70: =H70*G70 -> 859.476
B71: 8.2 | C71: REPOSIÇÃO E REFORMA | I71: =SUM(I72:I90) -> 44715.625
B72: 8.2.1 | C72: 87640 | D72: SINAPI | E72: CONTRAPISO EM ARGAMASSA TRAÇO 1:4 (CIMENTO E AREIA), PREPARO MECÂNICO COM BETONEIRA 400 L, APLICADO EM ÁREAS SECAS SOBRE LAJE, ADERIDO, ACABAMENTO NÃO REFORÇADO, ESPESSURA 4CM. AF_07/2021 | F72: M2 | G72: 43.68 | H72: 46.07 | I72: =H72*G72 -> 2012.3376
B73: 8.2.2 | C73: 18.06.102 | D73: CDHU | E73: Placa cerâmica esmaltada PEI-5 para área interna, grupo de absorção BIIb, resistência química B, assentado com argamassa colante industrializada | F73: M2 | G73: 47.7 | H73: 46.07 | I73: =H73*G73 -> 2197.539
B74: 8.2.3 | C74: 18.06.103 | D74: CDHU | E74: Rodapé em placa cerâmica esmaltada PEI-5 para área interna, grupo de absorção BIIb, resistência química B, assentado com argamassa colante industrializada | F74: M | G74: 6.55 | H74: 50.4 | I74: =H74*G74 -> 330.12
B75: 8.2.4 | C75: 18.06.410 | D75: CDHU | E75: Rejuntamento em placas cerâmicas com argamassa industrializada para rejunte, juntas acima de 3 até 5 mm | F75: M2 | G75: 12.93 | H75: 46.07 | I75: =H75*G75 -> 595.6851
B76: 8.2.5 | C76: 18.11.052 | D76: CDHU | E76: Revestimento em placa cerâmica esmaltada, tipo monoporosa, assentado e rejuntado com argamassa industrializada (azulejo) | F76: M2 | G76: 85.72 | H76: 105.84 | I76: =H76*G76 -> 9072.6048
B77: 8.2.6 | C77: 14.30.020 | D77: CDHU | E77: Divisória em placas de granilite com espessura de 3 cm | F77: M2 | G77: 265.83 | H77: 31.14 | I77: =H77*G77 -> 8277.9462
B78: 8.2.7 | C78: 91338 | D78: SINAPI | E78: PORTA DE ALUMÍNIO DE ABRIR COM LAMBRI, COM GUARNIÇÃO, FIXAÇÃO COM PARAFUSOS - FORNECIMENTO E INSTALAÇÃO. AF_12/2019 | F78: M2 | G78: 838.05 | H78: 11.2 | I78: =H78*G78 -> 9386.16
B79: 8.2.8 | C79: 100705 | D79: SINAPI | E79: TARJETA TIPO LIVRE/OCUPADO PARA PORTA DE BANHEIRO. AF_12/2019 | F79: UND | G79: 83.56 | H79: 10 | I79: =H79*G79 -> 835.6
B80: 8.2.9 | C80: 30.08.060 | D80: CDHU | E80: Bacia sifonada de louça para pessoas com mobilidade reduzida - capacidade de 6 litros | F80: UND | G80: 1260.29 | H80: 2 | I80: =H80*G80 -> 2520.58
B81: 8.2.10 | C81: 30.08.040 | D81: CDHU | E81: Lavatório de louça para canto sem coluna para pessoas com mobilidade reduzida | F81: UND | G81: 1771.89 | H81: 2 | I81: =H81*G81 -> 3543.78
B82: 8.2.11 | C82: 30.06.080 | D82: CDHU | E82: Placa de identificação em alumínio para WC, com desenho universal de acessibilidade | F82: UND | G82: 33.49 | H82: 2 | I82: =H82*G82 -> 66.98
B83: 8.2.12 | C83: 24.20.120 | D83: CDHU | E83: Batente em chapa dobrada para portas | F83: M | G83: 256 | H83: 2 | I83: =H83*G83 -> 512
B84: 8.2.13 | C84: 23.20.170 | D84: CDHU | E84: Folha de porta lisa folheada com madeira, sob medida | F84: M2 | G84: 146.36 | H84: 4.2 | I84: =H84*G84 -> 614.712
B85: 8.2.14 | C85: 30.01.020 | D85: CDHU | E85: Barra de apoio reta, para pessoas com mobilidade reduzida, em tubo de aço inoxidável de 1 1/2´ x 500 mm | F85: UND | G85: 128.3 | H85: 4 | I85: =H85*G85 -> 513.2
B86: 8.2.15 | C86: 44.20.180 | D86: CDHU | E86: Reparo para válvula de descarga | F86: UND | G86: 114.61 | H86: 4 | I86: =H86*G86 -> 458.44
B87: 8.2.16 | C87: 44.01.050 | D87: CDHU | E87: Bacia sifonada de louça sem tampa - 6 litros | F87: UND | G87: 296.56 | H87: 10 | I87: =H87*G87 -> 2965.6
B88: 8.2.17 | C88: 44.20.280 | D88: CDHU | E88: Tampa de plástico para bacia sanitária | F88: UND | G88: 47.53 | H88: 10 | I88: =H88*G88 -> 475.3
B89: 8.2.18 | C89: 44.20.300 | D89: CDHU | E89: Bolsa para bacia sanitária | F89: UND | G89: 17.12 | H89: 10 | I89: =H89*G89 -> 171.2
B90: 8.2.19 | C90: 49.04.010 | D90: CDHU | E90: Ralo seco em PVC rígido de 100 x 40 mm, com grelha | F90: UND | G90: 82.92 | H90: 2 | I90: =H90*G90 -> 165.84
B91: 9 | C91: PINTURA DOS POSTES | I91: =I92+I93+I94 -> 699.69
B92: 9.1 | C92: 03.10.100 | D92: CDHU | E92: Remoção de pintura em superfícies de madeira e/ou metálicas com lixamento | F92: M2 | G92: 9.26 | H92: 15 | I92: =H92*G92 -> 138.9
B93: 9.2 | C93: 33.01.350 | D93: CDHU | E93: Preparo de base para superfície metálica com fundo antioxidante | F93: M2 | G93: 17.85 | H93: 15 | I93: =H93*G93 -> 267.75
B94: 9.3 | C94: 33.07.140 | D94: CDHU | E94: Pintura com esmalte alquídico em estrutura metálica | F94: KG | G94: 4.07 | H94: 72 | I94: =H94*G94 -> 293.04
B95: 10 | C95: TROCA DOS AZULEJOS E PISOS DANIFICADOS | I95: =SUM(I96:I99) -> 6927.162
B96: 10.1 | C96: 03.04.020 | D96: CDHU | E96: Demolição manual de revestimento cerâmico, incluindo a base (demolição dos pisos e azuleijos dos banheiros) | F96: M2 | G96: 12.22 | H96: 63.3 | I96: =H96*G96 -> 773.526
B97: 10.2 | C97: 18.06.102 | D97: CDHU | E97: Placa cerâmica esmaltada PEI-5 para área interna, grupo de absorção BIIb, resistência química B, assentado com argamassa colante industrializada | F97: M2 | G97: 47.7 | H97: 12 | I97: =H97*G97 -> 572.4
B98: 10.3 | C98: 18.11.052 | D98: CDHU | E98: Revestimento em placa cerâmica esmaltada, tipo monoporosa, assentado e rejuntado com argamassa industrializada (azulejo corredor) | F98: M2 | G98: 85.72 | H98: 63.3 | I98: =H98*G98 -> 5426.076
B99: 10.4 | C99: 18.06.410 | D99: CDHU | E99: Rejuntamento em placas cerâmicas com argamassa industrializada para rejunte, juntas acima de 3 até 5 mm | F99: M2 | G99: 12.93 | H99: 12 | I99: =H99*G99 -> 155.16
B100: 11 | C100: SUBSTITUIÇÃO DOS BEBEDOUROS | I100: =I101+I102 -> 3808.52
B101: 11.1 | C101: 04.11.110 | D101: CDHU | E101: Retirada de purificador/bebedouro | F101: UND | G101: 32.66 | H101: 2 | I101: =H101*G101 -> 65.32
B102: 11.2 | C102: 08.15.013 | D102: FDE | E102: LT-04 LAVATORIO /BEBEDOURO COLETIVO COM TORNEIRA ANTIVANDALISMO | F102: M | G102: 1871.6 | H102: 2 | I102: =H102*G102 -> 3743.2
B103: 12 | C103: LIMPEZA E ARREMATES FINAIS | I103: =I104 -> 787.3125
B104: 12.1 | C104: 55.01.020 | D104: CDHU | E104: Limpeza final da obra | F104: M2 | G104: 14.25 | H104: 55.25 | I104: =H104*G104 -> 787.3125
...

Sheet CFF
B2: PREFEITURA MUNICIPAL DE MOCOCA
B3: SECRETARIA MUNICIPAL DE ENGENHARIA E INFRAESTRUTURA URBANA
B4: Rua XV de Novembro, 360 - Centro - Mococa - São Paulo
B5: Portal da Cidadania: www.mococa.sp.gov.br
B6: Tel: (19) 3656 - 9800
B7: CFF- CRONOGRAMA FÍSICO FINANCEIRO
B8: =ORÇAMENTO!B9 -> EMPREENDIMENTO : REFORMA DOS BANHEIROS E REVITALIZAÇÃO DA EMEB CARLINDO PAROLI | I8: =ORÇAMENTO!G9 -> Mococa, 15 de Maio de 2024
B9: =ORÇAMENTO!B10 -> LOCAL: AV. FRANCISCO JOSÉ DIAS LIM, CONJ. HAB. FRANCISCO GARÓFALO, MOCOCA-SP, CEP 13.736-845
B10: =ORÇAMENTO!B11 -> FONTE/DATA BASE: CDHU 193 sem desoneração, SINAPI 03-2024 sem desoneração e FDE 01/2024 | M10: =ORÇAMENTO!I11 -> BDI = 19,16%
B12: . | C12: DESCRIÇÃO DOS SERVIÇOS | D12: VALOR DOS SERVIÇOS | E12: % | F12: SERVIÇOS A SEREM EXECUTADOS POR PERIODO
F13: MÊS 01 | G13: MÊS 02 | H13: MÊS 03 | I13: MÊS 04 | J13: MÊS 05 | K13: MÊS 06 | L13: MÊS 07 | M13: TOTAL
B14: 1 | C14: =ORÇAMENTO!C15 -> SERVIÇOS PRELIMINARES | D14: =ORÇAMENTO!I15 -> 9291.42 | E14: =D14/D26 -> 0.056540224 | F14: 1 | M14: =D14 -> 9291.42
B15: 2 | C15: =ORÇAMENTO!C18 -> FECHAMENTO DOS TELHADOS | D15: =ORÇAMENTO!I18 -> 14575.845 | E15: =D15/D26 -> 0.08869705 | F15: 1 | M15: =D15 -> 14575.845
B16: 3 | C16: =ORÇAMENTO!C21 -> RAMPA DE ACESSO A QUADRA | D16: =ORÇAMENTO!I21 -> 19687.529 | E16: =D16/D26 -> 0.11980271 | I16: 0.5 | J16: 0.1 | K16: 0.4 | M16: =D16 -> 19687.529
B17: 4 | C17: =ORÇAMENTO!C28 -> REGULARIZAÇÃO DAS CANALETAS | D17: =ORÇAMENTO!I28 -> 8194.616 | E17: =D17/D26 -> 0.049865944 | H17: 1 | M17: =D17 -> 8194.616
B18: 5 | C18: =ORÇAMENTO!C33 -> TROCA DAS PORTAS | D18: =ORÇAMENTO!I33 -> 9102.8208 | E18: =D18/D26 -> 0.055392559 | G18: 1 | M18: =D18 -> 9102.8208
B19: 6 | C19: =ORÇAMENTO!C37 -> ILUMINAÇÃO | D19: =ORÇAMENTO!I37 -> 31564.52 | E19: =D19/D26 -> 0.19207667 | J19: 0.3 | K19: 0.35 | L19: 0.35 | M19: =D19 -> 31564.52
B20: 7 | C20: =ORÇAMENTO!C51 -> REPAROS NA REDE ELÉTRICA | D20: =ORÇAMENTO!I51 -> 10259.22 | E20: =D20/D26 -> 0.062429489 | J20: 1 | M20: =D20 -> 10259.22
B21: 8 | C21: =ORÇAMENTO!C62 -> REFORMA DOS BANHEIROS | D21: =ORÇAMENTO!I62 -> 49434.262 | E21: =D21/D26 -> 0.30081777 | F21: 0.3 | G21: 0.3 | H21: 0.4 | M21: =D21 -> 49434.262
B22: 9 | C22: =ORÇAMENTO!C91 -> PINTURA DOS POSTES | D22: =ORÇAMENTO!I91 -> 699.69 | E22: =D22/D26 -> 0.0042577593 | L22: 1 | M22: =D22 -> 699.69
B23: 10 | C23: =ORÇAMENTO!C95 -> TROCA DOS AZULEJOS E PISOS DANIFICADOS | D23: =ORÇAMENTO!I95 -> 6927.162 | E23: =D23/D26 -> 0.042153222 | I23: 1 | M23: =D23 -> 6927.162
B24: 11 | C24: =ORÇAMENTO!C100 -> SUBSTITUIÇÃO DOS BEBEDOUROS | D24: =ORÇAMENTO!I100 -> 3808.52 | E24: =D24/D26 -> 0.023175637 | H24: 1 | M24: =D24 -> 3808.52
B25: 12 | C25: =ORÇAMENTO!C103 -> LIMPEZA E ARREMATES FINAIS | D25: =ORÇAMENTO!I103 -> 787.3125 | E25: =D25/D26 -> 0.0047909604 | L25: 1 | M25: =D25 -> 787.3125
B26: Total em R$ | D26: =SUM(D14:D25) -> 164332.92 | E26: =SUM(E14:E25) -> 1 | F26: =D21*30%+(D15+D14) -> 38697.544 | G26: =D21*30%+(D18) -> 23933.099 | H26: =D17+(D21*0.4)+D24 -> 31776.841 | I26: =D16/2+(D23) -> 16770.926 | J26: =D20+(D19*30%)+(D16*10%) -> 21697.329 | K26: =D19*35%+(D16*40%) -> 18922.594 | L26: =D19*35%+(D22+D25) -> 12534.585 | M26: =D26 -> 164332.92
B27: Total em % | F27: =F26/D26 -> 0.23548261 | G27: =G26/D26 -> 0.14563789 | H27: =H26/D26 -> 0.19336869 | I27: =I26/D26 -> 0.10205458 | J27: =J26/D26 -> 0.13203276 | K27: =K26/D26 -> 0.11514792 | L27: =L26/D26 -> 0.076275555 | M27: =SUM(F27:L27) -> 1
B28: Total acumulado em R$ | F28: =F26 -> 38697.544 | G28: =G26+F28 -> 62630.643 | H28: =H26+G28 -> 94407.484 | I28: =I26+H28 -> 111178.41 | J28: =J26+I28 -> 132875.74 | K28: =K26+J28 -> 151798.33 | L28: =L26+K28 -> 164332.92 | M28: =L28 -> 164332.92
B29: Total acumulado em % | F29: =F27 -> 0.23548261 | G29: =G27+F29 -> 0.3811205 | H29: =H27+G29 -> 0.57448919 | I29: =I27+H29 -> 0.67654376 | J29: =J27+I29 -> 0.80857653 | K29: =K27+J29 -> 0.92372444 | L29: =L27+K29 -> 1 | M29: =L29 -> 1
B30: BDI 19,16% | F30: =F26*19.16% -> 7414.4494 | G30: =G26*19.16% -> 4585.5819 | H30: =H26*19.16% -> 6088.4427 | I30: =I26*19.16% -> 3213.3095 | J30: =J26*19.16% -> 4157.2082 | K30: =K26*19.16% -> 3625.5689 | L30: =L26*19.16% -> 2401.6264 | M30: =M26*19.16% -> 31486.187
B31: Total acumulado com BDI 19,16% | F31: =F28+F30 -> 46111.993 | G31: =G28+G30 -> 67216.225 | H31: =H28+H30 -> 100495.93 | I31: =I28+I30 -> 114391.72 | J31: =J28+J30 -> 137032.95 | K31: =K28+K30 -> 155423.9 | L31: =L28+L30 -> 166734.54 | M31: =M28+M30 -> 195819.1

Sheet BDI
B2: PREFEITURA MUNICIPAL DE MOCOCA
B3: SECRETARIA MUNICIPAL DE ENGENHARIA E INFRAESTRUTURA URBANA
B4: Rua XV de Novembro, 360 - Centro - Mococa - São Paulo
B5: Portal da Cidadania: www.mococa.sp.gov.br
B6: Tel: (19) 3656 - 9800
B7: PLANILHA ANALÍTICA DO BDI
B8: =ORÇAMENTO!B9 -> EMPREENDIMENTO : REFORMA DOS BANHEIROS E REVITALIZAÇÃO DA EMEB CARLINDO PAROLI | G8: =ORÇAMENTO!G9 -> Mococa, 15 de Maio de 2024
B9: =ORÇAMENTO!B10 -> LOCAL: AV. FRANCISCO JOSÉ DIAS LIM, CONJ. HAB. FRANCISCO GARÓFALO, MOCOCA-SP, CEP 13.736-845
B10: =ORÇAMENTO!B11 -> FONTE/DATA BASE: CDHU 193 sem desoneração, SINAPI 03-2024 sem desoneração e FDE 01/2024
B12: ITEM | C12: DESCRIÇÃO | H12: % | I12: TOTAL
B13: 1 | C13: Administração central | I13: 0.04
B14: 2 | C14: Impostos e Taxas | I14: =H15+H16+H17 -> 0.0665
B15: 2.1 | C15: ISS | H15: 0.03
B16: 2.2 | C16: PIS | H16: 0.0065
B17: 2.3 | C17: Cofins | H17: 0.03
B18: 3 | C18: Taxa de Risco | I18: =H19+H20+H21 -> 0.0227
B19: 3.1 | C19: Seguro | H19: 0.0068
B20: 3.2 | C20: Risco | H20: 0.0093
B21: 3.3 | C21: Garantia | H21: 0.0066
B22: 4 | C22: Dispesa Financeira | I22: 0.0182
B23: 5 | C23: Lucro | I23: 0.0442
F24: BDI TOTAL | H24: =I23+I22+I18+I14+I13 -> 0.1916

Sheet CÁLCULO
B2: PREFEITURA MUNICIPAL DE MOCOCA
B3: SECRETARIA MUNICIPAL DE ENGENHARIA E INFRAESTRUTURA URBANA
B4: Rua XV de Novembro, 360 - Centro - Mococa - São Paulo
B5: Portal da Cidadania: www.mococa.sp.gov.br
B6: Tel: (19) 3656 - 9800
B8: MC- MEMORIAL DE CÁLCULO
B9: =ORÇAMENTO!B9 -> EMPREENDIMENTO : REFORMA DOS BANHEIROS E REVITALIZAÇÃO DA EMEB CARLINDO PAROLI
B10: LOCAL: AV. FRANCISCO JOSÉ DIAS LIM, CONJ. HAB. FRANCISCO GARÓFALO, MOCOCA-SP, CEP 13.736-845
B11: FONTE/DATA BASE: CDHU 193 sem desoneração e SINAPI 03-2024 sem desoneração | F11: BDI = 19,16%
B13: ITEM | C13: DESCRIÇÃO | D13: UNID. | E13: QUANTIDADE | F13: CÁLCULO
B15: 1 | C15: =ORÇAMENTO!C15 -> SERVIÇOS PRELIMINARES
B16: 1.1 | C16: Placa de identificação para obra | D16: M2 | E16: 4.5 | F16: DIMENSÕES DE 3M DE COMPRIMENTO POR 1,5M DE ALTURA
B17: 1.2 | C17: Locação de container tipo depósito - área mínima de 13,80 m² | D17: UM/MÊS | E17: 7 | F17: QUANTIDADE DE MESES DE DURAÇÃO DA OBRA
B18: 2 | C18: =ORÇAMENTO!C18 -> FECHAMENTO DOS TELHADOS
B19: 2.1 | C19: Tela de arame galvanizado fio nº 22 BWG, malha de 1´ (tela hexagonal tipo pinteiro fechamento para entrada de aves) | D19: M2 | E19: 137.5 | F19: 275,0M DE COMPRIMENTO DE TELHADOS A SEREM FECHADOS POR 0,5M DE ALTURA DO VÃO
B20: 2.2 | C20: Telhamento em chapa de aço pré-pintada com epóxi e poliéster, perfil ondulado, com espessura de 0,50 mm (fechamentos frontais dos telhados) | D20: M2 | E20: 93 | F20: ÁREA DE TELHADO A SER FECHADO, CONFORME PROJETO
B21: 3 | C21: =ORÇAMENTO!C21 -> RAMPA DE ACESSO A QUADRA
B22: 3.1 | C22: Demolição mecanizada de pavimento ou piso em concreto, inclusive fragmentação, carregamento, transporte até 1 quilômetro e descarregamento | D22: M2 | E22: 108.52 | F22: ÁREA DA RAMPA DE ACESSIBILIDADE 43,0M DE COMPRIMENTO VEZES 2,5M DE LARGURA
B23: 3.2 | C23: Regularização e compactação mecanizada de superfície, sem controle do proctor normal | D23: M2 | E23: 224.35 | F23: ÁREA DA RAMPA DE ACESSIBILIDADE 108,52M2 MAIS A ÁREA DO CALÇAMENTO A SER EXECUTADO 115,83M2
B24: 3.3 | C24: Base de brita graduada | D24: M3 | E24: 8.97 | F24: 224,35M2 VEZES 0,04M DE ESPESSURA DA CAMADA DE BRITA
B25: 3.4 | C25: Armadura em tela soldada de aço | D25: KG | E25: 159.28 | F25: 224,35M2 VEZES 1,4KG POR METRO DA MALHA POP
B26: 3.5 | C26: Piso com requadro em concreto simples com controle de fck= 25 Mpa | D26: M3 | E26: 11.21 | F26: 224,35M2 VEZES 0,05M ESPESSURA DA CAMADA DE CONCRETO
B27: 3.6 | C27: Remoção de entulho separado de obra com caçamba metálica - terra, alvenaria, concreto, argamassa, madeira, papel, plástico ou metal | D27: M3 | E27: 4.34 | F27: 108,52M2 RAMPA EXISTENTE VEZES ESPESSURA DA MESMA 0,04M
B28: 4 | C28: =ORÇAMENTO!C28 -> REGULARIZAÇÃO DAS CANALETAS
B29: 4.1 | C29: Demolição manual de revestimento cerâmico, incluindo a base ( demolição dos pisos instalados nas canaletas de escoamento) | D29: M2 | E29: 123.5 | F29: 247,00M DE COMPRIMENTO DE CANALETAS POR 0,5M DE LARGURA
B30: 4.2 | C30: Regularização de piso com nata de cimento e adesivo de alto desempenho | D30: M2 | E30: 123.5 | F30: 247,00M DE COMPRIMENTO DE CANALETAS POR 0,5M DE LARGURA
B31: 4.3 | C31: Grelha pré-moldada em concreto, com furos redondos, 79,5 x 24,5 x 8 cm (reposição das tampas quebradas e/ou danificadas das canaletas de escoamento) | D31: UND | E31: 6 | F31: UNIDADES DE GRELHAS DE CONCRETO QUEBRADAS A REPOR
B32: 4.4 | C32: Remoção de entulho separado de obra com caçamba metálica - terra, alvenaria, concreto, argamassa, madeira, papel, plástico ou metal (pisos demolidos + retirada da camada de brita ) | D32: M3 | E32: 18.44 | F32: RETIRADA DA BRITA , E DA DEMOLIÇÃO DO PISO
B33: 5 | C33: =ORÇAMENTO!C33 -> TROCA DAS PORTAS
B34: 5.1 | C34: Retirada de folha de esquadria em madeira (retirada das portas) | D34: UND | E34: 4 | F34: QUANTIDADE DE ESQUADRIAS A SEREM RETIRADAS
B35: 5.2 | C35: Retirada de peça ou acessório complementar em geral de esquadria | D35: UND | E35: 4 | F35: QUANTIDADE DE ESQUADRIAS A SEREM RETIRADAS
B36: 5.3 | C36: Porta/portão de abrir em chapa, sob medida | D36: M2 | E36: 9.24 | F36: 2,20M DE LARGURA POR 2,10M DE ALTURA
B37: 6 | C37: =ORÇAMENTO!C37 -> ILUMINAÇÃO
B38: 6.1 | C38: Remoção de aparelho de iluminação ou projetor fixo em poste ou braço | D38: UND | E38: 17 | F38: QUANTIDADE CONFORME PROJETO
B39: 6.2 | C39: Suporte tubular de fixação em poste para 1 luminária tipo pétala | D39: UND | E39: 16 | F39: QUANTIDADE CONFORME PROJETO
B40: 6.3 | C40: Luminária retangular fechada para iluminação externa em poste, tipo pétala grande | D40: UND | E40: 16 | F40: QUANTIDADE CONFORME PROJETO
B41: 6.4 | C41: Cruzeta reforçada em ferro galvanizado para fixação de duas luminárias | D41: UND | E41: 4 | F41: QUANTIDADE CONFORME PROJETO
B42: 6.5 | C42: LUMINARIA LED REFLETOR RETANGULAR BIVOLT, LUZ BRANCA, 100 W | D42: UND | E42: 8 | F42: QUANTIDADE CONFORME PROJETO
B43: 6.6 | C43: Cabo de cobre de 2,5 mm², isolamento 750 V - isolação em PVC 70°C | D43: M | E43: 500 | F43: METRAGEM NECESSARIA PARA LIGAÇÃO DAS NOVAS LUMINARIAS DISTANCIAS ENTRE POSTES E ALTURA DOS MESMOS DESCRITAS EM PROJETO
B44: 6.7 | C44: Cabo de cobre de 6 mm², isolamento 750 V - isolação em PVC 70°C | D44: M | E44: 1000 | F44: METRAGEM NECESSARIA PARA LIGAÇÃO DAS NOVAS LUMINARIAS DISTANCIAS ENTRE POSTES E ALTURA DOS MESMOS DESCRITAS EM PROJETO
B45: 6.8 | C45: Eletroduto corrugado em polietileno de alta densidade, DN= 50 mm, com acessórios | D45: M | E45: 500 | F45: METRAGEM NECESSARIA PARA LIGAÇÃO DAS NOVAS LUMINARIAS DISTANCIAS ENTRE POSTES E ALTURA DOS MESMOS DESCRITAS EM PROJETO
B46: 6.9 | C46: Contator de potência 32 A - 2na+2nf | D46: UND | E46: 2 | F46: QUANTIDADE NECESSÁRIA PARA SUPRIR A REDE DE DISTRIBUIÇÃO ELÉTRICA
B47: 6.10 | C47: Relé fotoelétrico 50/60 Hz, 110/220 V, 1200 VA, completo | D47: UND | E47: 2 | F47: QUANTIDADE NECESSÁRIA PARA SUPRIR A REDE DE DISTRIBUIÇÃO ELÉTRICA
B48: 6.11 | C48: CAIXA DE CONCRETO ARMADO PRE-MOLDADO, COM FUNDO E TAMPA, DIMENSOES DE 0,40 X 0,40 X 0,40 M | D48: UND | E48: 2
B49: 6.12 | C49: Escavação manual em solo de 1ª e 2ª categoria em campo aberto | D49: M3 | E49: 15
B50: 6.13 | C50: Escavação mecanizada de valas ou cavas com profundidade de até 2 m | D50: M3 | E50: 30
B51: 7 | C51: =ORÇAMENTO!C51 -> REPAROS NA REDE ELÉTRICA
B52: 7.1 | C52: Remoção de base de disjuntor tipo QUIK-LAG | D52: UND | E52: 13 | F52: QUANTIDADE DE DISJUNTORES A SEREM TROCADOS
B53: 7.2 | C53: Remoção de barramento de cobre | D53: M | E53: 1 | F53: QUANTIDADE DE BARRAMENTO INSTALADO NO LOCAL
B54: 7.3 | C54: Remoção de lâmpada | D54: UND | F54: QUANTIDADE DE LAMPADAS QUEIMADAS A SEREM SUBSTITUIDAS
B55: 7.4 | C55: Disjuntor termomagnético, unipolar 127/220 V, corrente de 10 A até 30 A | D55: UND | E55: 6 | F55: QUANTIDADE DE DISJUNTORES A SEREM TROCADOS
B56: 7.5 | C56: Disjuntor termomagnético, bipolar 220/380 V, corrente de 10 A até 50 A | D56: UND | E56: 7 | F56: QUANTIDADE DE DISJUNTORES A SEREM TROCADOS
B57: 7.6 | C57: Dispositivo diferencial residual de 40 A x 30 mA - 2 polos | D57: UND | E57: 1 | F57: QUANTIDADE NECESSARIA PARA PROTEGER O SISTEMA DE DISTRIBUIÇÃO
B58: 7.8 | C58: Luminária retangular de sobrepor tipo calha aberta, para 2 lâmpadas fluorescentes tubulares de 32 W | D58: UND | F58: QUANTIDADE DE LUMINARIAS QUEIMADAS A SEREM SUBSTITUIDAS
B59: 7.9 | C59: Lâmpada LED tubular T8 com base G13, de 3400 até 4000 Im - 36 a 40 W | D59: UND | F59: QUANTIDADE DE LAMPADAS QUEIMADAS A SEREM SUBSTITUIDAS
B60: 7.10 | C60: AUXILIAR DE ELETRICISTA COM ENCARGOS COMPLEMENTARES (ORGANIZAR O CABEAMENTO EXPOSTO) | D60: H | E60: 56 | F60: HORAS NECESSARIAS PARA A REALIZAÇÃO DOS SERVIÇOS DESCRITOS NO MEMORIAL DESCRITIVO
B61: 7.11 | C61: ELETRICISTA COM ENCARGOS COMPLEMENTARES | D61: H | E61: 48 | F61: HORAS NECESSARIAS PARA A REALIZAÇÃO DOS SERVIÇOS DESCRITOS NO MEMORIAL DESCRITIVO
B62: 8 | C62: =ORÇAMENTO!C62 -> REFORMA DOS BANHEIROS
B63: 8.1 | C63: =ORÇAMENTO!C63 -> RETIRADAS E DEMOLIÇÕES
B64: 8.1.1 | C64: Demolição manual de revestimento cerâmico, incluindo a base (demolição dos pisos e azuleijos dos banheiros) | D64: M2 | E64: 160.88
B65: 8.1.2 | C65: Demolição manual de alvenaria de elevação ou elemento vazado, incluindo revestimento (demolição das divisórias) | D65: M3 | E65: 4.2 | F65: 13,30 M DE COMPRIMENTO X 2,10M DE ALTURA DAS DIVISORIAS X 0,15M DE ESPESSURA
B66: 8.1.3 | C66: Retirada de folha de esquadria em madeira (retirada das portas) | D66: UND | E66: 13 | F66: QUANTIDADES CONFORME PROJETO
B67: 8.1.4 | C67: Retirada de peça ou acessório complementar em geral de esquadria | D67: UND | E67: 13 | F67: QUANTIDADES CONFORME PROJETO
B68: 8.1.5 | C68: Retirada de aparelho sanitário incluindo acessórios | D68: UND | E68: 13 | F68: QUANTIDADES CONFORME PROJETO
B69: 8.1.6 | C69: Retirada de registro ou válvula aparentes | D69: UND | E69: 13 | F69: QUANTIDADES CONFORME PROJETO
B70: 8.6 | C70: Remoção de entulho separado de obra com caçamba metálica - terra, alvenaria, concreto, argamassa, madeira, papel, plástico ou metal | D70: M3 | E70: 8.04 | F70: RETIRADA DO ENTULHO GERADO PELAS RETIRADAS E DEMOLIÇÕES
B71: 8.2 | C71: =ORÇAMENTO!C71 -> REPOSIÇÃO E REFORMA
B72: 8.2.1 | C72: CONTRAPISO EM ARGAMASSA TRAÇO 1:4 (CIMENTO E AREIA), PREPARO MECÂNICO COM BETONEIRA 400 L, APLICADO EM ÁREAS SECAS SOBRE LAJE, ADERIDO, ACABAMENTO NÃO REFORÇADO, ESPESSURA 4CM. AF_07/2021 | D72: M2 | E72: =ORÇAMENTO!H72 -> 46.07 | F72: 5,80M X 4,75M X 2 (BANHEIROS)
B73: 8.2.2 | C73: Placa cerâmica esmaltada PEI-5 para área interna, grupo de absorção BIIb, resistência química B, assentado com argamassa colante industrializada | D73: M2 | E73: =ORÇAMENTO!H73 -> 46.07 | F73: 5,80M X 4,75M X 2 (BANHEIROS)
B74: 8.2.3 | C74: Rodapé em placa cerâmica esmaltada PEI-5 para área interna, grupo de absorção BIIb, resistência química B, assentado com argamassa colante industrializada | D74: M | E74: =ORÇAMENTO!H74 -> 50.4 | F74: ((4,75*2) + (4,85*2)+ 6) * 2 = 50,40 M2
B75: 8.2.4 | C75: Rejuntamento em placas cerâmicas com argamassa industrializada para rejunte, juntas acima de 3 até 5 mm | D75: M2 | E75: =ORÇAMENTO!H75 -> 46.07 | F75: 5,80M X 4,75M X 2 (BANHEIROS)
B76: 8.2.5 | C76: Revestimento em placa cerâmica esmaltada, tipo monoporosa, assentado e rejuntado com argamassa industrializada (azulejo) | D76: M2 | E76: =ORÇAMENTO!H76 -> 105.84 | F76: 50,4M X 2,10M ALTURA
B77: 8.2.6 | C77: Divisória em placas de granilite com espessura de 3 cm | D77: M2 | E77: =ORÇAMENTO!H77 -> 31.14 | F77: 8 DIVISÓRIAS DE 1,20M X 1,80M + 2 DIVISÓRIAS DE 1,50M X 1,80M + 2 DIVISÓRIAS DE 1,80M X 1,80M
B78: 8.2.7 | C78: PORTA DE ALUMÍNIO DE ABRIR COM LAMBRI, COM GUARNIÇÃO, FIXAÇÃO COM PARAFUSOS - FORNECIMENTO E INSTALAÇÃO. AF_12/2019 | D78: M2 | E78: =ORÇAMENTO!H78 -> 11.2 | F78: 10 PORTAS DE 0,70M LARGURA X 1,60M DE ALTURA
B79: 8.2.8 | C79: TARJETA TIPO LIVRE/OCUPADO PARA PORTA DE BANHEIRO. AF_12/2019 | D79: UND | E79: =ORÇAMENTO!H79 -> 10 | F79: QUANTIDADE DE PORTAS
B80: 8.2.9 | C80: Bacia sifonada de louça para pessoas com mobilidade reduzida - capacidade de 6 litros | D80: UND | E80: =ORÇAMENTO!H80 -> 2 | F80: QUANTIDADE DE BANHEIROS PNE
B81: 8.2.10 | C81: Lavatório de louça para canto sem coluna para pessoas com mobilidade reduzida | D81: UND | E81: 2 | F81: QUANTIDADE DE BANHEIROS PNE
B82: 8.2.11 | C82: Placa de identificação em alumínio para WC, com desenho universal de acessibilidade | D82: UND | E82: 2 | F82: QUANTIDADE DE BANHEIROS PNE
B83: 8.2.12 | C83: Batente em chapa dobrada para portas | D83: M | E83: 2 | F83: QUANTIDADE DE BANHEIROS PNE PORTAS COM 1,0M DE LARGURA
B84: 8.2.13 | C84: Folha de porta lisa folheada com madeira, sob medida | D84: M2 | E84: 4.32 | F84: 2 PORTAS DE 2,10M DE ALTURA POR 1,00M DE LARGURA
B85: 8.2.14 | C85: Barra de apoio reta, para pessoas com mobilidade reduzida, em tubo de aço inoxidável de 1 1/2´ x 500 mm | D85: UND | E85: 4 | F85: 2 BARRAS EM CADA CABINE PNE
B86: 8.2.15 | C86: Reparo para válvula de descarga | D86: UND | F86: QUANTIDADE DE DESCARGAS QUE NECESSITAM DE REPAROS
B87: 8.2.16 | C87: Bacia sifonada de louça sem tampa - 6 litros | D87: UND | E87: 10 | F87: QUANTIDADE DE BANHEIROS
B88: 8.2.17 | C88: Tampa de plástico para bacia sanitária | D88: UND | E88: 10 | F88: QUANTIDADE DE BANHEIROS
B89: 8.2.18 | C89: Bolsa para bacia sanitária | D89: UND | E89: 10 | F89: QUANTIDADE DE BANHEIROS
B90: 8.2.19 | C90: Ralo seco em PVC rígido de 100 x 40 mm, com grelha | D90: UND | E90: 2 | F90: UM PARA CADA BANHEIRO
B91: 9 | C91: =ORÇAMENTO!C91 -> PINTURA DOS POSTES
B92: 9.1 | C92: Remoção de pintura em superfícies de madeira e/ou metálicas com lixamento | D92: M2 | E92: 15 | F92: ESTIMATIVA EM REMOÇÕES DE TINTA PARA TODOS OS POSTES METALICOS
B93: 9.2 | C93: Preparo de base para superfície metálica com fundo antioxidante | D93: M2 | E93: 15 | F93: ESTIMATIVA EM PREPARO DE BASE PARA TODOS OS POSTES METALICOS
B94: 9.3 | C94: Pintura com esmalte alquídico em estrutura metálica | D94: KG | E94: 72 | F94: QUANTIDADE NECESSARIA DE TINTA PARA PINTURA DOS POSTES METÁLICOS EXISTENTE A SEREM REFORMADOS
B95: 10 | C95: =ORÇAMENTO!C95 -> TROCA DOS AZULEJOS E PISOS DANIFICADOS
B96: 10.1 | C96: Demolição manual de revestimento cerâmico, incluindo a base (demolição dos pisos e azuleijos dos banheiros) | D96: M2 | E96: =ORÇAMENTO!H96 -> 63.3 | F96: 15,05M COMPRIMENTO DO CORREDOR * 2 PAREDES * 1,5M DE ALTURA + (6,05M * 2 LADOS * 1,5M)
B97: 10.2 | C97: Placa cerâmica esmaltada PEI-5 para área interna, grupo de absorção BIIb, resistência química B, assentado com argamassa colante industrializada | D97: M2 | E97: =ORÇAMENTO!H97 -> 12 | F97: METRAGEM DE PISO DANIFICADO NAS SALAS DE AULAS
B98: 10.3 | C98: Revestimento em placa cerâmica esmaltada, tipo monoporosa, assentado e rejuntado com argamassa industrializada (azulejo corredor) | D98: M2 | E98: =ORÇAMENTO!H98 -> 63.3 | F98: 15,05M COMPRIMENTO DO CORREDOR * 2 PAREDES * 1,5M DE ALTURA + (6,05M * 2 LADOS * 1,5M)
B99: 10.4 | C99: Rejuntamento em placas cerâmicas com argamassa industrializada para rejunte, juntas acima de 3 até 5 mm | D99: M2 | E99: =ORÇAMENTO!H99 -> 12 | F99: METRAGEM DE PISO DANIFICADO NAS SALAS DE AULAS
B100: 11 | C100: =ORÇAMENTO!C100 -> SUBSTITUIÇÃO DOS BEBEDOUROS
B101: 11.1 | C101: Retirada de purificador/bebedouro | D101: UND | E101: 2 | F101: QUANTIDADE DE BEBEDOUROS EXISTENTES A SEREM RETIRADOS
B102: 11.2 | C102: LT-04 LAVATORIO /BEBEDOURO COLETIVO COM TORNEIRA ANTIVANDALISMO | D102: M | E102: 2 | F102: DOIS BEBEDOUROS DE 1M CADA
B103: 12 | C103: =ORÇAMENTO!C103 -> LIMPEZA E ARREMATES FINAIS
B104: 12.1 | C104: Limpeza final da obra | D104: M2 | E104: 55.25 | F104: ÁREA DOS BANHEIROS, LCAL QUE NECESSITARA DE LIMPEZA

Sheet COMPOSIÇÕES
B1: PREFEITURA MUNICIPAL DE MOCOCA
B2: SECRETARIA MUNICIPAL DE ENGENHARIA E INFRAESTRUTURA URBANA
B3: Rua XV de Novembro, 360 - Centro - Mococa - São Paulo
B4: Portal da Cidadania: www.mococa.sp.gov.br
B5: Tel: (19) 3656 - 9800
B6: QUADRO DE COMPOSIÇÕES
B7: =ORÇAMENTO!B9 -> EMPREENDIMENTO : REFORMA DOS BANHEIROS E REVITALIZAÇÃO DA EMEB CARLINDO PAROLI | G7: =ORÇAMENTO!G9 -> Mococa, 15 de Maio de 2024
B8: =ORÇAMENTO!B10 -> LOCAL: AV. FRANCISCO JOSÉ DIAS LIM, CONJ. HAB. FRANCISCO GARÓFALO, MOCOCA-SP, CEP 13.736-845
B9: =ORÇAMENTO!B11 -> FONTE/DATA BASE: CDHU 193 sem desoneração, SINAPI 03-2024 sem desoneração e FDE 01/2024 | I9: =ORÇAMENTO!I11 -> BDI = 19,16%
B11: COMP01 | E11: INSTALAÇÃO DE POSTE PADRÃO DE ENERGIA TIPO C1, COM CABEAMENTO DE 16 MM2 E DIJSJUNTORES DE 50A A 100A. | F11: UND | G11: VALOR UNT | H11: COEFICIENTE | I11: TOTAL
B12: 1.1 | C12: 101502 | D12: SINAPI | E12: ENTRADA DE ENERGIA ELÉTRICA, AÉREA, BIFÁSICA, COM CAIXA DE EMBUTIR, CABO DE 16 MM2 E DISJUNTOR DIN 50A (NÃO INCLUSO O POSTE DE CONCRETO). AF | F12: UND | G12: 1840.51 | H12: 1 | I12: =H12*G12 -> 1840.51
B13: 1.2 | C13: 41200 | D13: SINAPI-I | E13: POSTE DE CONCRETO ARMADO DE SECAO DUPLO T, EXTENSAO DE 10,00 M, RESISTENCIADE 600 DAN, TIPO B | F13: UND | G13: 1341.91 | H13: 1 | I13: =H13*G13 -> 1341.91
B14: 1.7 | C14: 88247 | D14: SINAPI | E14: AUXILIAR DE ELETRICISTA COM ENCARGOS COMPLEMENTARES | F14: H | G14: 30.93 | H14: 1.5 | I14: =H14*G14 -> 46.395
B15: 1.8 | C15: 88264 | D15: SINAPI | E15: ELETRICISTA COM ENCARGOS COMPLEMENTARES | F15: H | G15: 40.66 | H15: 1.5 | I15: =H15*G15 -> 60.99
B16: 1.9 | C16: 88252 | D16: SINAPI | E16: AUXILIAR DE SERVIÇOS GERAIS COM ENCARGOS COMPLEMENTARES | F16: H | G16: 27.95 | H16: 1 | I16: =H16*G16 -> 27.95
H17: VALOR TOTAL | I17: =SUM(I12:I16) -> 3317.755
B20: COMP02 | E20: REFLETOR LED 1000 W HOLOFOTE IP 68, 9000lm, BRANCO FRIO, VOLTAGEM 85V - 265V | F20: UND | G20: VALOR UNT | H20: COEFICIENTE | I20: TOTAL
B21: 1.1 | C21: COT01 | D21: COTAÇÃO | E21: Refletor 1000w Holofote Led Osram Combate 90000lm Ip66 | F21: UND | G21: 556.61 | H21: 1 | I21: =H21*G21 -> 556.61
B22: 1.2 | C22: COT02 | D22: COTAÇÃO | E22: Refletor Led 1000w Holofote Branco Frio 75% - Ecosoli | F22: UND | G22: 899 | H22: 1 | I22: =H22*G22 -> 899
B23: 1.3 | C23: COT03 | D23: COTAÇÃO | E23: Refletor Holofote LED 1000W Branco Frio 6500K A Prova d'água - Bivolt | F23: UND | G23: 1399 | H23: 1 | I23: =H23*G23 -> 1399
B24: 1.4 | C24: COT04 | D24: COTAÇÃO | E24: Refletor Holofote Microled 1000w Branco Frio IP67 - 82728 | F24: UND | G24: 1282.49 | H24: 1 | I24: =H24*G24 -> 1282.49
H25: VALOR TOTAL | I25: =AVERAGE(I21:I24) -> 1034.275
B28: COMP03 | E28: CORTE EM PAVIMENTO DE ASFALTO / CONCRETO COM MÁQUINA E DISCO DIAMANTADO DB 03/2024 | F28: M2 | G28: VALOR UNT | H28: COEFICIENTE | I28: TOTAL
B29: 1.1 | C29: 91283 | D29: SINAPI | E29: CORTADORA DE PISO COM MOTOR 4 TEMPOS A GASOLINA, POTÊNCIA DE 13 HP, COM DISCO DE CORTE DIAMANTADO SEGMENTADO PARA CONCRETO, DIÂMETRO DE 350MM, FURO DE 1" (14 X 1") - CHP DIURNO. AF_08/2015 | F29: CHP | G29: 10.25 | H29: 0.12 | I29: =H29*G29 -> 1.23
B30: 1.2 | C30: 88309 | D30: SINAPI | E30: PEDREIRO COM ENCARGOS COMPLEMENTARES | F30: H | G30: 33.57 | H30: 0.12 | I30: =H30*G30 -> 4.0284
B31: 1.3 | C31: 88316 | D31: SINAPI | E31: SERVENTE COM ENCARGOS COMPLEMENTARES | F31: H | G31: 28.17 | H31: 0.12 | I31: =H31*G31 -> 3.3804
B32: 1.4 | C32: 13887 | D32: SINAPI | E32: DISCO DE CORTE DIAMANTADO SEGMENTADO PARA CONCRETO, DIAMETRO DE 350 MM, FURO DE 1 " (14 X 1 ") | F32: UND | G32: 814.44 | H32: 0.005 | I32: =H32*G32 -> 4.0722
H33: VALOR TOTAL | I33: =SUM(I29:I32) -> 12.711
B36: COMP03 | F36: UND | G36: =G37+G38+G39+G40+G41 -> 0 | I36: 1

Sheet FDE
A1: TABELA DE PREÇOS Data Base 01/2024 LS 71,27 BDI 19,5
A2: Serviço Descrição | C2: Unidade | E2: Valor
A3: 01.01.001 | B3: RETIRANDO A VEGETACAO, TRONCOS ATE 5CM DE DIAMETRO E RASPAGEM. | D3: M2 | F3: 3,67
A4: 01.01.010 | B4: CORTE, RECORTE E REMOCAO DE ARVORES INCL RAIZES DIAM>5<15CM | D4: UN | F4: 147,35
A5: 01.01.021 | B5: CORTE, RECORTE E REMOÇÃO DE ÁRVORES INCL.RAIZES 15CM<DIAM<30CM | D5: UN | F5: 891,32
A6: 01.01.022 | B6: CORTE, RECORTE E REMOÇÃO DE ÁRVORES INCL.RAIZES 30CM<DIAM<45CM | D6: UN | F6: 2746,09
A7: 01.01.023 | B7: CORTE, RECORTE E REMOÇÃO DE ÁRVORES INCL.RAIZES 45CM<DIAM<60CM | D7: UN | F7: 4315,99
A8: 01.01.024 | B8: CORTE, RECORTE E REMOÇÃO DE ÁRVORES INCL.RAIZES 60CM<DIAM<100CM | D8: UN | F8: 8566,12
A9: 01.01.025 | B9: CORTE, RECORTE E REMOÇÃO DE ÁRVORES INCL.RAIZES DIAM >100CM | D9: UN | F9: 11995,54
A10: 01.01.030 | B10: CORTE RASO , RECORTE E REMOÇÃO DE ÁRVORES 5CM<DIAM<15CM | D10: UN | F10: 110,55
A11: 01.01.031 | B11: CORTE RASO, RECORTE E REMOÇÃO DE ÁRVORES 15CM<DIAM<30CM | D11: UN | F11: 626,46
A12: 01.01.032 | B12: CORTE RASO, RECORTE E REMOÇÃO DE ÁRVORES 30CM<DIAM<45CM | D12: UN | F12: 2216,37
A13: 01.01.033 | B13: CORTE RASO, RECORTE E REMOÇÃO DE ÁRVORES 45CM<DIAM<60CM | D13: UN | F13: 3521,41
A14: 01.01.034 | B14: CORTE RASO, RECORTE E REMOÇÃO DE ÁRVORES 60CM<DIAM<100CM | D14: UN | F14: 7506,68
... A46: 01.08.014 | B46: TUBO PVC OCRE JUNTA ELÁSTICA DN 100 INCLUSIVE CONEXÕES - ENTERRADO | D46: M | F46: 82,55
A47: TABELA DE PREÇOS Data Base 01/2024 LS 71,27 BDI 19,5
A48: Serviço Descrição | C48: Unidade | E48: Valor
A49: 01.08.015 | B49: TUBO PVC OCRE JUNTA ELÁSTICA DN 150 INCLUSIVE CONEXÕES - ENTERRADO | D49: M | F49: 121,39
A50: 01.08.032 | B50: TUBO DRENO PLASTICO CORRUGADO PERFURADO DE 100MM EM BARRAS | D50: M | F50: 139,15
A51: 01.08.033 | B51: TUBO DRENO PLASTICO CORRUGADO PERFURADO DE 150MM EM BARRAS | D51: M | F51: 172,32
A52: 01.08.034 | B52: MANTA GEOTÊXTIL NÃO TECIDO AGULHADO 100% POLIESTER, RT 10 | D52: M2 | F52: 18,37
A53: 01.08.035 | B53: MANTA GEOTÊXTIL NÃO TECIDO AGULHADO 100% POLIESTER, RT 21 | D53: M2 | F53: 20,90
A54: 01.08.036 | B54: MANTA GEOTÊXTIL NÃO TECIDO AGULHADO 100% POLIESTER, RT 31 | D54: M2 | F54: 29,11
A55: 01.08.040 | B55: ENVOLVIMENTO DE DRENOS COM PEDRA BRITADA | D55: M3 | F55: 225,34
A56: 01.08.041 | B56: ENVOLVIMENTO DE DRENOS COM AREIA GROSSA | D56: M3 | F56: 244,42
A57: 01.08.044 | B57: FORNEC E INST DE DHP EM FUROS DE 100MM C/TUBO PVC 1 1/2" INCL TXS INST | D57: M | F57: 328,39
A58: 01.08.045 | B58: FORNEC E INST DE DHP EM FUROS DE 100MM C/TUBO PVC 2" INCL TXS INST | D58: M | F58: 350,05
A59: 01.08.050 | B59: CAIXA DE LIGACAO OU INSPECAO - ALVENARIA DE 1/2 TIJOLO REVESTIDA | D59: M2 | F59: 240,95
A60: 01.08.051 | B60: CAIXA DE LIGACAO OU INSPECAO - ALVENARIA DE 1 TIJOLO REVESTIDA | D60: M2 | F60: 386,64
... A97: 02.02.026 | B97: BROCA DE CONCRETO DE DIAMETRO 25CM - INCL ARRANQUES | D97: M | F97: 83,82
A98: TABELA DE PREÇOS Data Base 01/2024 LS 71,27 BDI 19,5
A99: Serviço Descrição | C99: Unidade | E99: Valor
A100: 02.02.027 | B100: BROCA DE CONCRETO DE DIAMETRO 30CM - INCL ARRANQUES | D100: M | F100: 124,68
A101: 02.02.035 | B101: ESTACAS TIPO STRAUSS DIAM 25CM | D101: M | F101: 85,57
A102: 02.02.036 | B102: ESTACAS TIPO STRAUSS DIAM 32CM | D102: M | F102: 111,97
A103: 02.02.037 | B103: ESTACAS TIPO STRAUSS DIAM 38CM | D103: M | F103: 140,88
A104: 02.02.038 | B104: ESTACAS TIPO STRAUSS DIAM 45CM | D104: M | F104: 201,02
A105: 02.02.070 | B105: ESTACA TIPO HELICE DN 25CM | D105: M | F105: 76,15
A106: 02.02.071 | B106: ESTACA TIPO HELICE DN 30CM | D106: M | F106: 98,02
A107: 02.02.072 | B107: ESTACA TIPO HELICE DN 35CM | D107: M | F107: 126,66
A108: 02.02.073 | B108: ESTACA TIPO HELICE DN 40CM | D108: M | F108: 154,80
A109: 02.02.074 | B109: ESTACA TIPO HELICE DN 50CM | D109: M | F109: 206,93
A110: 02.02.075 | B110: ESTACA TIPO HELICE DN 60CM | D110: M | F110: 276,78
A111: 02.02.076 | B111: ESTACA TIPO HELICE DN 70CM | D111: M | F111: 362,51
... A149: 02.05.019 | B149: CONCRETO DOSADO E LANCADO FCK=30MPA | D149: M3 | F149: 644,72
A150: TABELA DE PREÇOS Data Base 01/2024 LS 71,27 BDI 19,5
A151: Serviço Descrição | C151: Unidade | E151: Valor
A152: 02.05.024 | B152: CONCRETO DOSADO,BOMBEADO E LANÇADO FCK=20MPA | D152: M3 | F152: 647,93
A153: 02.05.028 | B153: CONCRETO DOSADO,BOMBEADO E LANCADO FCK=25MPA | D153: M3 | F153: 672,94
A154: 02.05.029 | B154: CONCRETO DOSADO, BOMBEADO E LANCADO FCK=30MPA | D154: M3 | F154: 700,08
A155: 02.05.050 | B155: CONCRETO GROUT, PREPARADO NO LOCAL, LANÇADO E ADENSADO | D155: M3 | F155: 588,43
A156: 02.05.098 | B156: FORNECIMENTO E MONTAGEM DE ESTRUTURA PRE-MOLDADA DE CONCRETO | D156: M3 | F156: 6547,15
A157: 02.05.099 | B157: CONCRETOS | D157: MV | F157: 633,68
A158: 02.06.002 | B158: ALVENARIA EMBASAMENTO TIJOLO BARRO MACIÇO E = 1/2 TIJOLO | D158: M2 | F158: 127,41
A159: 02.06.003 | B159: ALVENARIA EMBASAMENTO TIJOLO BARRO MACIÇO E = 1 TIJOLO | D159: M2 | F159: 231,39
A160: 02.06.020 | B160: ALVENARIA EMBASAMENTO BLOCO CONCRETO ESTRUTURAL 14X19X39CM CLASSE A | D160: M2 | F160: 106,12
A161: 02.06.021 | B161: ALVENARIA EMBASAMENTO BLOCO CONCRETO ESTRUTURAL 19X19X39CM CLASSE A | D161: M2 | F161: 138,33
A162: 02.06.099 | B162: EMBASAMENTOS | D162: MV | F162: 633,68
A163: 02.07.001 | B163: IMPERM RESP ALV EMBAS COM ARGAM CIM-AREIA 1:3 CONTENDO HIDROFUGO | D163: M2 | F163: 57,37
... A191: 03.02.005 | B191: TELA ARMADURA (MALHA ACO CA 60 FYK= 600 M PA) | D191: KG | F191: 13,67
A192: TABELA DE PREÇOS Data Base 01/2024 LS 71,27 BDI 19,5
A193: Serviço Descrição | C193: Unidade | E193: Valor
A194: 03.02.010 | B194: INSERTS EM CANTONEIRAS OU CHAPA AÇO A-36 P/SOLIDARIZAÇÃO DE VIGAS E PILARES | D194: KG | F194: 72,10
A195: 03.02.020 | B195: CONJUNTO DE LUVAS E PINO ROSCAVEL DN 12,5MM P/SOLIDARIZAÇÃO DE VIGA FORNEC. E INST. | D195: UN | F195: 102,61
A196: 03.02.021 | B196: CONJUNTO DE LUVAS E PINO ROSCAVEL DN 16MM P/SOLIDARIZAÇÃO DE VIGA FORNEC. E INST. | D196: UN | F196: 132,74
A197: 03.02.022 | B197: CONJUNTO DE LUVAS E PINO ROSCAVEL DN 20MM P/SOLIDARIZAÇÃO DE VIGA FORNEC. E INST. | D197: UN | F197: 171,34
A198: 03.02.023 | B198: CONJUNTO DE LUVAS E PINO ROSCAVEL DN 25MM P/SOLIDARIZAÇÃO DE VIGA FORNEC. E INST. | D198: UN | F198: 280,91
A199: 03.02.024 | B199: CONJUNTO DE LUVAS E PINO ROSCAVEL DN 32MM P/SOLIDARIZAÇÃO DE VIGA FORNEC. E INST. | D199: UN | F199: 459,60
A200: 03.02.099 | B200: ARMADURAS | D200: MV | F200: 633,68
A201: 03.03.003 | B201: LAJE PRE-FABRICADA UNID C/VIGOTAS PROTENDIDAS LP12-100KGF/M2 | D201: M2 | F201: 212,04
A202: 03.03.005 | B202: LAJE PRE-FABRICADA UNIDIRECIONAL C/VIGOTAS PROTENDIDAS LP12-300KGF/M2 | D202: M2 | F202: 208,02
A203: 03.03.006 | B203: LAJE PRE-FABRICADA UNIDIRECIONAL C/VIGOTAS PROTENDIDAS LP16-100KGF/M2 | D203: M2 | F203: 229,40
A204: 03.03.007 | B204: LAJE PRE-FABRICADA UNIDIRECIONAL C/VIGOTAS PROTENDIDAS LP16-300KGF/M2 | D204: M2 | F204: 235,15
A205: 03.03.008 | B205: LAJE PRE-FABRICADA UNIDIRECIONAL C/VIGOTAS PROTENDIDAS LP20-100KGF/M2 | D205: M2 | F205: 245,66
... A239: 03.03.067 | B239: LAJE PRE-FABRICADA PRE-LAJE TRELICADA BIDIR C/ EPS PLT25-500KGF/M2 | D239: M2 | F239: 424,47
A240: TABELA DE PREÇOS Data Base 01/2024 LS 71,27 BDI 19,5
A241: Serviço Descrição | C241: Unidade | E241: Valor
A242: 03.03.080 | B242: REFORÇO PARA LAJE PRÉ-FABRICADA | D242: M | F242: 92,79
A243: 03.03.082 | B243: LAJE PRE-FABRICADA PRE-LAJE TRELICADA UNIDIR C/ EPS PLT12-100KGF/M2 | D243: M2 | F243: 256,49
A244: 03.03.083 | B244: LAJE PRE-FABRICADA PRE-LAJE TRELICADA UNIDIR C/ EPS PLT16-100KGF/M2 | D244: M2 | F244: 309,96
A245: 03.03.084 | B245: LAJE PRE-FABRICADA PRE-LAJE TRELICADA UNIDIR C/ EPS PLT16-300KGF/M2 | D245: M2 | F245: 281,72
A246: 03.03.085 | B246: LAJE PRE-FABRICADA PRE-LAJE TRELICADA UNIDIR C/ EPS PLT20-100KGF/M2 | D246: M2 | F246: 353,46
A247: 03.03.086 | B247: LAJE PRE-FABRICADA PRE-LAJE TRELICADA UNIDIR C/ EPS PLT20-300KGF/M2 | D247: M2 | F247: 310,24
A248: 03.03.087 | B248: LAJE PRE-FABRICADA PRE-LAJE TRELICADA UNIDIR C/ EPS PLT20-500KGF/M2 | D248: M2 | F248: 386,58
A249: 03.03.088 | B249: LAJE PRE-FABRICADA PRE-LAJE TRELICADA UNIDIR C/ EPS PLT25-300KGF/M2 | D249: M2 | F249: 348,80
A250: 03.03.089 | B250: LAJE PRE-FABRICADA PRE-LAJE TRELICADA UNIDIR C/ EPS PLT25-500KGF/M2 | D250: M2 | F250: 371,37
A251: 03.03.095 | B251: FORNEC. E MONTAGEM DE VIGA PROTENDIDA PRÉ-MOLDADA DE CONCRETO | D251: M3 | F251: 7315,86
A252: 03.03.098 | B252: FORNECIMENTO E MONTAGEM DE ESTRUTURA PRE-MOLDADA DE CONCRETO | D252: M3 | F252: 6547,15
A253: 03.03.099 | B253: CONCRETOS | D253: MV | F253: 633,68
... A287: 04.01.045 | B287: CONCRETO GROUT, PREPARADO NO LOCAL, LANÇADO E ADENSADO | D287: M3 | F287: 588,43
A288: TABELA DE PREÇOS Data Base 01/2024 LS 71,27 BDI 19,5
A289: Serviço Descrição | C289: Unidade | E289: Valor
A290: 04.01.046 | B290: ARMADURA CA 50 PARA PAREDE AUTO-PORTANTE | D290: KG | F290: 13,68
A291: 04.01.047 | B291: ARMADURA CA 60 PARA PAREDE AUTO-PORTANTE | D291: KG | F291: 13,99
A292: 04.01.049 | B292: ALVENARIA AUTO-PORTANTE: BLOCO CONCRETO ESTRUTURAL DE 19X19X19CM CLASSE B | D292: M2 | F292: 171,45
A293: 04.01.050 | B293: ALVENARIA AUTO-PORTANTE: BLOCO CONCRETO ESTRUTURAL DE 14X19X39CM CLASSE B | D293: M2 | F293: 106,90
A294: 04.01.051 | B294: ALVENARIA AUTO-PORTANTE: BLOCO CONCRETO ESTRUTURAL DE 19X19X39CM CLASSE B | D294: M2 | F294: 130,56
A295: 04.01.058 | B295: VERGA/CINTA EM BLOCO DE CONCRETO CANALETA - 14 CM | D295: M | F295: 44,37
A296: 04.01.059 | B296: VERGA/CINTA EM BLOCO DE CONCRETO CANALETA - 19 CM | D296: M | F296: 50,45
A297: 04.01.063 | B297: ALVENARIA DE CONCRETO CELULAR - BLOCOS E=7,5CM | D297: M2 | F297: 113,99
...

Sheet CDHU 193
B1: COMPANHIA DE DESENVOLVIMENTO HABITACIONAL E URBANO
A2: DO ESTADO DE SÃO PAULO
A3: BOLETIM REFERENCIAL DE CUSTOS - TABELA DE SERVIÇOS
A4: SEM DESONERAÇÃO
F5: Versão 193
E6: Data Base: | F6: FEV/24
C7: BDI : | D7: 0 | E7: L.S.: | F7: 1.2823
A8: Referência | B8: Descrição | C8: Un | D8: Material | E8: Mão de Obra | F8: Custo Total
A9: 01 | B9: SERVICO TECNICO ESPECIALIZADO
A10: 01.02 | B10: Parecer técnico
A11: 01.02.071 | B11: Parecer técnico de fundações, contenções e recomendações gerais, para empreendimentos com área construída até 1.000 m² | C11: UN | E11: 6504.46 | F11: 6504.46
A12: 01.02.081 | B12: Parecer técnico de fundações, contenções e recomendações gerais, para empreendimentos com área construída de 1.001 a 2.000 m² | C12: UN | E12: 8649.66 | F12: 8649.66
A13: 01.02.091 | B13: Parecer técnico de fundações, contenções e recomendações gerais, para empreendimentos com área construída de 2.001 a 5.000 m² | C13: UN | E13: 14775.55 | F13: 14775.55
A14: 01.02.101 | B14: Parecer técnico de fundações, contenções e recomendações gerais, para empreendimentos com área construída de 5.001 a 10.000 m² | C14: UN | E14: 20259.02 | F14: 20259.02
A15: 01.02.111 | B15: Parecer técnico de fundações, contenções e recomendações gerais, para empreendimentos com área construída acima de 10.000 m² | C15: UN | E15: 23608.75 | F15: 23608.75
A16: 01.06 | B16: Projeto de instalações elétricas
A17: 01.06.021 | B17: Elaboração de projeto de adequação de entrada de energia elétrica junto a concessionária, com medição em baixa tensão e demanda até 75 kVA | C17: UN | E17: 8308.24 | F17: 8308.24
A18: 01.06.031 | B18: Elaboração de projeto de adequação de entrada de energia elétrica junto a concessionária, com medição em média tensão, subestação simplificada e demanda de 75 kVA a 300 kVA | C18: UN | E18: 14072.5 | F18: 14072.5
A19: 01.06.032 | B19: Elaboração de projeto de adequação de entrada de energia elétrica junto a concessionária, com medição em média tensão e demanda de 75 kVA a 300 kVA | C19: UN | E19: 19042.76 | F19: 19042.76
A20: 01.06.041 | B20: Elaboração de projeto de adequação de entrada de energia elétrica junto a concessionária, com medição em média tensão e demanda acima de 300 kVA a 2 MVA | C20: UN | E20: 25329.1 | F20: 25329.1
A21: 01.17 | B21: Projeto executivo
A22: 01.17.031 | B22: Projeto executivo de arquitetura em formato A1 | C22: UN | E22: 3272.73 | F22: 3272.73
A23: 01.17.041 | B23: Projeto executivo de arquitetura em formato A0 | C23: UN | E23: 4424.38 | F23: 4424.38
A24: 01.17.051 | B24: Projeto executivo de estrutura em formato A1 | C24: UN | E24: 2400.17 | F24: 2400.17
A25: 01.17.061 | B25: Projeto executivo de estrutura em formato A0 | C25: UN | E25: 3283.86 | F25: 3283.86
A26: 01.17.071 | B26: Projeto executivo de instalações hidráulicas em formato A1 | C26: UN | E26: 1030.39 | F26: 1030.39
A27: 01.17.081 | B27: Projeto executivo de instalações hidráulicas em formato A0 | C27: UN | E27: 1371.58 | F27: 1371.58
A28: 01.17.111 | B28: Projeto executivo de instalações elétricas em formato A1 | C28: UN | E28: 1144.21 | F28: 1144.21
A29: 01.17.121 | B29: Projeto executivo de instalações elétricas em formato A0 | C29: UN | E29: 1586.51 | F29: 1586.51
A30: 01.17.151 | B30: Projeto executivo de climatização em formato A1 | C30: UN | E30: 2202.38 | F30: 2202.38
A31: 01.17.161 | B31: Projeto executivo de climatização em formato A0 | C31: UN | E31: 3002.07 | F31: 3002.07
A32: 01.17.171 | B32: Projeto executivo de chuveiros automáticos em formato A1 | C32: UN | E32: 1901.28 | F32: 1901.28
A33: 01.17.181 | B33: Projeto executivo de chuveiros automáticos em formato A0 | C33: UN | E33: 2457.47 | F33: 2457.47
A34: 01.20 | B34: Levantamento topográfico e geofísico
A35: 01.20.010 | B35: Taxa de mobilização e desmobilização de equipamentos para execução de levantamento topográfico | C35: TX | D35: 1200.72 | F35: 1200.72
A36: 01.20.280 | B36: Levantamento planimétrico de área pavimentada para veículo e pedestre | C36: M2 | D36: 0.05 | E36: 0.16 | F36: 0.21
A37: 01.20.691 | B37: Levantamento planimétrico cadastral com áreas ocupadas predominantemente por comunidades - área até 20.000 m² (mínimo de 3.500 m²) | C37: M2 | D37: 0.41 | E37: 0.53 | F37: 0.94
A38: 01.20.701 | B38: Levantamento planimétrico cadastral com áreas ocupadas predominantemente por comunidades - área acima de 20.000 m² até 200.000 m² | C38: M2 | D38: 0.32 | E38: 0.42 | F38: 0.74
A39: 01.20.711 | B39: Levantamento planimétrico cadastral com áreas ocupadas predominantemente por comunidades - área acima de 200.000 m² | C39: M2 | D39: 0.26 | E39: 0.35 | F39: 0.61
A40: 01.20.721 | B40: Levantamento planimétrico cadastral com áreas até 50% de ocupação - área até 20.000 m² (mínimo de 3.500 m²) | C40: M2 | D40: 0.35 | E40: 0.46 | F40: 0.81
A41: 01.20.731 | B41: Levantamento planimétrico cadastral com áreas até 50% de ocupação - área acima de 20.000 m² até 200.000 m² | C41: M2 | D41: 0.17 | E41: 0.51 | F41: 0.68
A42: 01.20.741 | B42: Levantamento planimétrico cadastral com áreas até 50% de ocupação - área acima de 200.000 m² | C42: M2 | D42: 0.23 | E42: 0.29 | F42: 0.52
A43: 01.20.751 | B43: Levantamento planimétrico cadastral com áreas acima de 50% de ocupação - área até 20.000 m² (mínimo de 4.000 m²) | C43: M2 | D43: 0.31 | E43: 0.42 | F43: 0.73
A44: 01.20.761 | B44: Levantamento planimétrico cadastral com áreas acima de 50% de ocupação - área acima de 20.000 m² até 200.000 m² | C44: M2 | D44: 0.27 | E44: 0.35 | F44: 0.62
A45: 01.20.771 | B45: Levantamento planimétrico cadastral com áreas acima de 50% de ocupação - área acima de 200.000 m² | C45: M2 | D45: 0.26 | E45: 0.35 | F45: 0.61
A46: 01.20.781 | B46: Levantamento planialtimétrico cadastral com áreas ocupadas predominantemente por comunidades - área até 20.000 m² (mínimo de 3.500 m²) | C46: M2 | D46: 0.43 | E46: 0.56 | F46: 0.99
A47: 01.20.791 | B47: Levantamento planialtimétrico cadastral com áreas ocupadas predominantemente por comunidades - área acima de 20.000 m² até 200.000 m² | C47: M2 | D47: 0.34 | E47: 0.45 | F47: 0.79
... A60: 01.20.921 | B60: Implantação de marcos através de levantamento com GPS (mínimo de 3 marcos) | C60: UN | D60: 753.6 | E60: 463.21 | F60: 1216.81
A61: 01.21 | B61: Estudo geotecnico (sondagem)
A62: 01.21.010 | B62: Taxa de mobilização e desmobilização de equipamentos para execução de sondagem | C62: TX | D62: 1250.72 | F62: 1250.72
A63: 01.21.090 | B63: Taxa de mobilização e desmobilização de equipamentos para execução de sondagem rotativa | C63: TX | D63: 6382.49 | F63: 6382.49
A64: 01.21.100 | B64: Sondagem do terreno a trado | C64: M | D64: 93.72 | F64: 93.72
A65: 01.21.110 | B65: Sondagem do terreno à percussão (mínimo de 30 m) | C65: M | D65: 87.92 | F65: 87.92
A66: 01.21.120 | B66: Sondagem do terreno rotativa em solo | C66: M | D66: 380.1 | F66: 380.1
A67: 01.21.130 | B67: Sondagem do terreno rotativa em rocha | C67: M | D67: 615.56 | F67: 615.56
A68: 01.21.140 | B68: Sondagem do terreno à percussão com a utilização de torquímetro (mínimo de 30 m) | C68: M | D68: 91.57 | F68: 91.57
A69: 01.23 | B69: Tratamento, recuperação e trabalhos especiais em concreto
A70: 01.23.010 | B70: Taxa de mobilização e desmobilização de equipamentos para execução de corte em concreto armado | C70: TX | D70: 346.01 | F70: 346.01
A71: 01.23.020 | B71: Limpeza de armadura com escova de aço | C71: M2 | D71: 2.57 | E71: 6.11 | F71: 8.68
A72: 01.23.030 | B72: Preparo de ponte de aderência com adesivo a base de epóxi | C72: M2 | D72: 104.61 | E72: 45.15 | F72: 149.76
A73: 01.23.056 | B73: Tratamento de armadura com produto anticorrosivo a base de zinco | C73: M2 | D73: 25.33 | E73: 43.04 | F73: 68.37
A74: 01.23.060 | B74: Corte de concreto deteriorado inclusive remoção dos detritos | C74: M2 | E74: 30.54 | F74: 30.54
A75: 01.23.070 | B75: Demarcação de área com disco de corte diamantado | C75: M | D75: 1.06 | E75: 4.52 | F75: 5.58
A76: 01.23.100 | B76: Demolição de concreto armado com preservação de armadura, para reforço e recuperação estrutural | C76: M3 | E76: 460.95 | F76: 460.95
A77: 01.23.140 | B77: Furação de 1 1/4´ em concreto armado | C77: M | D77: 220.17 | F77: 220.17
A78: 01.23.150 | B78: Furação de 1 1/2´ em concreto armado | C78: M | D78: 253.03 | F78: 253.03
A79: 01.23.160 | B79: Furação de 2 1/4´ em concreto armado | C79: M | D79: 331.78 | F79: 331.78
A80: 01.23.190 | B80: Furação de 2 1/2´ em concreto armado | C80: M | D80: 339.49 | F80: 339.49
A81: 01.23.200 | B81: Taxa de mobilização e desmobilização de equipamentos para execução de perfuração em concreto | C81: TX | D81: 252.17 | F81: 252.17
A82: 01.23.221 | B82: Furação para até 10mm x 100mm em concreto armado, inclusive colagem de armadura (para até 8mm) | C82: UN | D82: 13.07 | F82: 13.07
A83: 01.23.222 | B83: Furação para 12,5mm x 100mm em concreto armado, inclusive colagem de armadura (para 10mm) | C83: UN | D83: 14.07 | F83: 14.07
A84: 01.23.223 | B84: Furação para 16mm x 100mm em concreto armado, inclusive colagem de armadura (para 12,5mm) | C84: UN | D84: 16.04 | F84: 16.04
A85: 01.23.231 | B85: Furação para até 10mm x 150mm em concreto armado, inclusive colagem de armadura (para até 8mm) | C85: UN | D85: 19.61 | F85: 19.61
A86: 01.23.232 | B86: Furação para 12,5mm x 150mm em concreto armado, inclusive colagem de armadura (para 10mm) | C86: UN | D86: 20.75 | F86: 20.75
A87: 01.23.233 | B87: Furação para 16mm x 150mm em concreto armado, inclusive colagem de armadura (para 12,5mm) | C87: UN | D87: 23.65 | F87: 23.65
A88: 01.23.234 | B88: Furação para 20mm x 150mm em concreto armado, inclusive colagem de armadura (para 16mm) | C88: UN | D88: 25.27 | F88: 25.27
... A99: 01.23.510 | B99: Corte vertical em concreto armado, espessura de 15 cm | C99: M | D99: 202.83 | F99: 202.83
A100: 01.23.700 | B100: Taxa de mobilização e desmobilização para reforço estrutural com fibra de carbono | C100: TX | D100: 1613.6 | E100: 4150.84 | F100: 5764.44
A101: 01.23.701 | B101: Preparação de substrato para colagem de fibra de carbono, mediante lixamento e/ou apicoamento e escovação | C101: M2 | D101: 6.63 | E101: 44.13 | F101: 50.76
A102: 01.23.702 | B102: Fibra de carbono para reforço estrutural de alta resistência - 300 g/m² | C102: M2 | D102: 245.35 | E102: 314.82 | F102: 560.17
A103: 01.27 | B103: Estudo e programa ambientais
A104: 01.27.011 | B104: Projeto e implementação de gerenciamento integrado de resíduos sólidos e gestão de perdas | C104: UN | D104: 212.15 | E104: 9220.65 | F104: 9432.8
A105: 01.27.021 | B105: Projeto e implementação de educação ambiental | C105: UN | D105: 212.15 | E105: 12351.08 | F105: 12563.23
A106: 01.27.031 | B106: Projeto e implementação de controle ambiental de obra | C106: UN | D106: 212.15 | E106: 10928.7 | F106: 11140.85
A107: 01.27.041 | B107: Laudo de caracterização de vegetação | C107: UN | D107: 616.4 | E107: 25450.43 | F107: 26066.83
A108: 01.27.051 | B108: Laudo de caracterização da fauna associada à flora | C108: UN | D108: 616.4 | E108: 39053.14 | F108: 39669.54
A109: 01.27.061 | B109: Projeto e implementação de monitoramento da fauna durante a obra | C109: UN | D109: 616.4 | E109: 15481.62 | F109: 16098.02
A110: 01.27.071 | B110: Laudo de autodepuração | C110: UN | D110: 500.9 | E110: 18581.52 | F110: 19082.42
A111: 01.27.091 | B111: Estudo de impacto de vizinhança, em área urbana até 10.000 m² | C111: UN | D111: 304.55 | E111: 30096.51 | F111: 30401.06
A112: 01.28 | B112: Poço profundo
A113: 01.28.010 | B113: Taxa de mobilização e desmobilização de equipamentos para execução de perfuração para poço profundo - profundidade até 200 m | C113: TX | D113: 8405.03 | F113: 8405.03
A114: 01.28.020 | B114: Taxa de mobilização e desmobilização de equipamentos para execução de perfuração para poço profundo - profundidade acima de 200 m e até 300 m | C114: TX | D114: 12366.76 | F114: 12366.76
A115: 01.28.030 | B115: Taxa de mobilização e desmobilização de equipamentos para execução de perfuração para poço profundo - profundidade acima de 300 m | C115: TX | D115: 12934.61 | F115: 12934.61
A116: 01.28.040 | B116: Perfuração rotativa para poço profundo em camadas de solos sedimentares, diâmetro de 8 1/2" (215,90 mm) | C116: M | D116: 583.92 | F116: 583.92
A117: 01.28.050 | B117: Perfuração rotativa para poço profundo em aluvião, arenito, ou solos sedimentados em geral, diâmetro de 10" (250 mm) | C117: M | D117: 479.95 | F117: 479.95
A118: 01.28.060 | B118: Perfuração rotativa para poço profundo em aluvião, arenito, ou solos sedimentados em geral, diâmetro de 12" (300 mm) | C118: M | D118: 1183.82 | F118: 1183.82
A119: 01.28.070 | B119: Perfuração rotativa para poço profundo em aluvião, arenito, ou solos sedimentados em geral, diâmetro de 14" (350 mm) | C119: M | D119: 1240.48 | F119: 1240.48
A120: 01.28.080 | B120: Perfuração rotativa para poço profundo em aluvião, arenito, ou solos sedimentados em geral, diâmetro de 16" (400 mm) | C120: M | D120: 1547.2 | F120: 1547.2
A121: 01.28.090 | B121: Perfuração rotativa para poço profundo em aluvião, arenito, ou solos sedimentados em geral, diâmetro de 18" (450 mm) | C121: M | D121: 1994.64 | F121: 1994.64
A122: 01.28.100 | B122: Perfuração rotativa para poço profundo em aluvião, arenito, ou solos sedimentados em geral, diâmetro de 20" (500 mm) | C122: M | D122: 2253.38 | F122: 2253.38
...
